 Dungeon Crawl Stone Soup version 0.25.1-3-ge44b62a0b3 (webtiles) character file.

Game seed: 5016279418950621383

27942 Erymatos the Severer (level 13, -2/183 HPs)
             Began as a Minotaur Berserker on Nov 17, 2020.
             Was a High Priest of Trog.
             Slain by a tyrant leech (18 damage)
             ... while paralysed by a vampire knight
             ... on level 14 of the Dungeon on Nov 20, 2020.
             The game lasted 00:32:37 (14480 turns).

Erymatos the Severer (Minotaur Berserker)          Turns: 14480, Time: 00:32:38

Health: -2/183     AC: 25    Str: 31    XL:     13   Next: 7%
Magic:  12/12      EV:  2    Int:  9    God:    Trog [*****.]
Gold:   930        SH:  0    Dex: 14    Spells: 12/12 levels left

rFire    . . .     SeeInvis +   N - +4 hand axe
rCold    . . .     Gourm    .   (no shield)
rNeg     . . .     Faith    +   T - +6 scale mail of Midsummer {Int+4}
rPois    .         Spirit   .   Q - +2 hat
rElec    .         Reflect  .   W - +2 cloak
rCorr    .         Harm     .   s - +0 pair of gloves
MR       .....                  V - +0 pair of boots
Stlth    ..........             L - amulet of faith
HPRegen  0.40/turn              X - ring of the Octopus King {AC+1 EV+1 Str+1 Int+1 Dex+1 SInv}
MPRegen  0.13/turn              H - +6 ring of strength

@: paralysed, berserking (expiring)
A: retaliatory headbutt, horns 2
a: Berserk, Trog's Hand, Brothers in Arms, Renounce Religion


You were on level 14 of the Dungeon.
You worshipped Trog.
Trog was extremely pleased with you.
You were very hungry.

You visited 1 branch of the dungeon, and saw 14 of its levels.
You also visited: Ossuary.

You collected 930 gold pieces.

Inventory:

Hand Weapons
 N - a +4 hand axe (weapon)
 O - a cursed +1 battleaxe of freezing
Armour
 s - a +0 pair of gloves (worn)
 G - the +1 ring mail "Iluxir" {Regen+ rCorr}
   (You found it on level 6 of the Dungeon)

   It increases your rate of regeneration.
   It provides partial protection from all sources of acid and corrosion.
 I - a +2 chain mail of magic resistance
 Q - a +2 hat (worn)
 T - the +6 scale mail of Midsummer (worn) {Int+4}
   (You found it on level 13 of the Dungeon)

   It affects your intelligence (+4).
 V - a +0 pair of boots (worn)
 W - a +2 cloak (worn)
 Z - a scarf of harm
Jewellery
 b - an uncursed ring of positive energy
 k - a cursed amulet of reflection {unknown}
 v - an uncursed ring of protection from magic
 H - a +6 ring of strength (right hand)
 J - an uncursed ring of ice
 L - an amulet of faith (around neck)
 M - an uncursed ring of poison resistance
 P - an uncursed ring of ice
 U - an uncursed amulet of guardian spirit {unknown}
 X - a ring of the Octopus King (left hand) {AC+1 EV+1 Str+1 Int+1 Dex+1 SInv}
   (You found it on level 12 of the Dungeon)

   [ring of see invisible]

   It affects your AC (+1).
   It affects your evasion (+1).
   It affects your strength (+1).
   It affects your intelligence (+1).
   It affects your dexterity (+1).
   It lets you see invisible.
Scrolls
 e - 5 scrolls of teleportation
 g - 6 scrolls of remove curse
 n - 4 scrolls of fog {unknown}
 q - 2 scrolls of enchant weapon {unknown}
 r - 4 scrolls of enchant armour
 u - 3 scrolls of amnesia {unknown}
 y - 6 scrolls of immolation
 C - 6 scrolls of fear {unknown}
 D - a scroll of silence {unknown}
 E - a scroll of blinking {unknown}
 R - 2 scrolls of random uselessness {unknown}
Potions
 a - 2 potions of stabbing
 f - 2 potions of resistance
 h - 4 potions of invisibility
 i - 2 potions of haste
 l - a potion of ambrosia
 o - 12 potions of curing
 p - 7 potions of heal wounds {unknown}
 t - 6 potions of degeneration {unknown}
 w - 2 potions of brilliance {unknown}
 x - 4 potions of flight {unknown}
 z - 4 potions of might {unknown}
 B - 4 potions of lignification
 F - a potion of mutation {unknown}
Comestibles
 c - 22 rations
 d - 5 chunks of flesh


   Skills:
 + Level 13.4 Fighting
 + Level 15.7 Axes
 + Level 13.1 Armour
 + Level 9.4 Dodging


You had 12 spell levels left.
You didn't know any spells.
Your spell library was empty.

Dungeon Overview and Level Annotations

Branches:
Dungeon (14/15)            Temple (0/1) D:4            Lair (0/6) D:11
    Orc (0/2) D:10        Ossuary (visited)
 Vaults: D:13-14

Altars:
Dithmenos
Elyvilon
Makhleb
Qazlal
Ru
Sif Muna
Uskayaw

Shops:
D:8 :

Portals:
Bailey: D:8


Innate Abilities, Weirdness & Mutations

You reflexively headbutt those who attack you in melee.
You have a pair of horns on your head.


Message History

The vampire knight is heavily damaged.
You slash the tyrant leech!
Unknown command.
You hit the vampire knight but do no damage.
You headbutt the vampire knight!!
The vampire knight is almost destroyed.
You slash the tyrant leech!
The vampire knight points at you and mumbles some strange words.
You suddenly lose the ability to move!
The tyrant leech bites you!
* * * LOW HITPOINT WARNING * * *
The tyrant leech draws strength from your injuries!
The vampire knight is infused with unholy energy.
* * * LOW HITPOINT WARNING * * *
The vampire knight draws life force from you and is healed!
The vampire knight hits you with a +0 war axe!!
* * * LOW HITPOINT WARNING * * *
The vampire knight bites you but does no damage.
The tyrant leech bites you!!
You die...

........ ........ #####
......... #.. #...#
......... #..##.).#
......... #...#.⌠.#
.......####..##...#
.......#...... ...#
.......#.....###.###.+#
.......#........@w....#
......##........V...#.#
......#......#......#
......#......#......#
......#......######.#
......####........#.#
.........'........# #
.........#........#
.........#.........


You could see a vampire knight (fast) and a tyrant leech.

Vanquished Creatures
  A vampire knight (D:14)
  Harold (D:10)
  Erolcha (D:9)
  A hydra (D:13)
  3 centaur warriors
  2 two-headed ogres (D:11)
  The ghost of Nyhoofon the Slicer, a novice HuWr of Wu Jian (D:10)
  An unseen horror (D:11)
  A manticore (D:13)
  3 ugly things
  3 cyclopes (D:13)
  A deep elf mage (D:12)
  Maggie (D:7)
  2 kobold demonologists
  4 yaktaurs (D:13)
  Prince Ribbit (D:7)
  3 trolls
  A hornet (D:10)
  6 slime creatures (D:12)
  6 hippogriffs
  3 spriggans
  4 shadows
  5 redbacks (D:13)
  2 vampires (D:14)
  2 wraiths
  A wyvern (D:8)
  6 yaks (D:11)
  2 water elementals (D:13)
  A vampire mosquito (D:14)
  Edmund (D:4)
  A water moccasin (D:6)
  4 black bears
  3 orc warriors
  5 ice beasts
  4 sky beasts
  5 ogres
  2 phantoms
  13 centaurs
  7 big kobolds
  7 bullfrogs
  A gnoll sergeant (D:10)
  A wyvern zombie (D:14)
  2 water moccasin zombies
  3 scorpions
  A water moccasin skeleton (D:6)
  4 killer bees (D:9)
  8 wights
  An electric eel (D:13)
  5 howler monkeys
  5 crimson imps
  A centaur zombie (Ossuary)
  3 quasits
  3 bullfrog zombies
  2 hounds
  8 orc wizards
  3 bullfrog skeletons
  4 centaur skeletons
  7 orc priests
  4 jellies
  17 mummies (Ossuary)
  4 iguanas
  Natasha (D:2)
  8 worker ants
  2 killer bee zombies
  3 hound zombies
  2 howler monkey zombies
  3 worker ant zombies
  Robin (D:2)
  11 adders
  6 gnolls
  2 shadow imps
  4 oozes
  An adder zombie (Ossuary)
  A worm (D:5)
  4 dart slugs (D:1)
  3 leopard geckos
  24 orcs
  7 giant cockroaches
  14 goblins
  7 hobgoblins
  10 jackals
  20 kobolds
  8 quokkas
  2 ball pythons
  3 bats
  2 frilled lizards (D:1)
  2 giant cockroach zombies (Ossuary)
  A leopard gecko skeleton (D:4)
  A leopard gecko zombie (Ossuary)
  A quokka zombie (Ossuary)
  7 rats
369 creatures vanquished.

Vanquished Creatures (collateral kills)
  A hydra (D:13)
  2 redbacks (D:13)
3 creatures vanquished.

Vanquished Creatures (others)
  2 fungi (D:10)
  5 plants
7 creatures vanquished.

Grand Total: 379 creatures vanquished

Notes
Turn   | Place    | Note
-------+----------+-------------------------------------------
     0 | D:1      | Erymatos the Minotaur Berserker began the quest for the
                  | Orb.
     0 | D:1      | Reached XP level 1. HP: 19/19 MP: 0/0
   607 | D:1      | Reached XP level 2. HP: 27/27 MP: 1/1
   854 | D:1      | Reached skill level 4 in Axes
  1464 | D:2      | Reached XP level 3. HP: 32/33 MP: 2/2
  1713 | D:2      | Noticed Natasha
  1718 | D:2      | Killed Natasha
  1718 | D:2      | Reached XP level 4. HP: 38/41 MP: 3/3
  1806 | D:2      | Noticed Robin
  1808 | D:2      | Reached ** piety under Trog
  1814 | D:2      | Killed Robin
  1957 | D:2      | Reached skill level 5 in Axes
  2239 | D:2      | Reached XP level 5. HP: 45/47 MP: 4/4
  2461 | D:3      | Found a stormy altar of Qazlal.
  2841 | D:3      | Reached skill level 5 in Fighting
  3368 | D:4      | Found a staircase to the Ecumenical Temple.
  3370 | D:4      | Noticed a phantom
  3398 | D:4      | Killed a phantom
  3398 | D:4      | Reached skill level 6 in Axes
  3398 | D:4      | Reached XP level 6. HP: 40/56 MP: 5/5
  3407 | D:4      | Reached *** piety under Trog
  3699 | D:4      | Noticed Edmund
  3717 | D:4      | Killed Edmund
  3717 | D:4      | Reached skill level 7 in Axes
  3717 | D:4      | Reached skill level 5 in Armour
  3717 | D:4      | Reached XP level 7. HP: 54/61 MP: 6/6
  3880 | D:4      | Found a shadowy altar of Dithmenos.
  4044 | D:4      | Found a burning altar of Makhleb.
  4139 | D:4      | Upgraded the game from 0.25.1-2-g60ff931df9 to
                  | 0.25.1-3-ge44b62a0b3
  4153 | D:5      | Entered Level 5 of the Dungeon
  4181 | D:5      | Found a sand-covered staircase.
  4207 | Ossuary  | Entered an ossuary
  4705 | Ossuary  | Reached skill level 8 in Axes
  4764 | Ossuary  | Reached XP level 8. HP: 70/70 MP: 7/7
  4839 | Ossuary  | Reached **** piety under Trog
  5324 | D:5      | Found a hide-covered altar of Uskayaw.
  5754 | D:6      | Got a polished ring mail
  5765 | D:6      | Identified the cursed +1 ring mail "Iluxir" {Regen+ rCorr}
                  | (You found it on level 6 of the Dungeon)
  5883 | D:6      | Reached skill level 9 in Axes
  6099 | D:6      | Reached skill level 10 in Axes
  6168 | D:6      | Reached XP level 9. HP: 75/79 MP: 8/8
  6245 | D:6      | Reached skill level 5 in Dodging
  6869 | D:7      | Noticed Prince Ribbit
  6915 | D:7      | Killed Prince Ribbit
  7046 | D:7      | Noticed Maggie
  7053 | D:7      | Killed Maggie
  7059 | D:7      | Reached skill level 11 in Axes
  7229 | D:7      | Reached ***** piety under Trog
  7850 | D:8      | Reached XP level 10. HP: 90/90 MP: 9/9
  7914 | D:8      | Found Gyem's Book Boutique.
  8005 | D:8      | Found a flagged portal.
  8036 | D:8      | Reached skill level 12 in Axes
  8445 | D:9      | Noticed Erolcha
  8463 | D:9      | Killed Erolcha
  8487 | D:9      | Found a white marble altar of Elyvilon.
  8659 | D:9      | Found a shimmering blue altar of Sif Muna.
  8699 | D:9      | Reached skill level 13 in Axes
  8721 | D:9      | Received a gift from Trog
  9057 | D:10     | Entered Level 10 of the Dungeon
  9201 | D:10     | Found a staircase to the Orcish Mines.
  9224 | D:10     | Found a runed translucent door.
  9229 | D:10     | Reached skill level 10 in Fighting
  9245 | D:10     | Identified the +9 spear of Karma {pain, Int+2}
  9291 | D:10     | Reached XP level 11. HP: 99/99 MP: 10/10
  9461 | D:10     | Noticed Harold
  9475 | D:10     | Killed Harold
  9791 | D:10     | Noticed Nyhoofon's ghost (novice HuWr)
  9818 | D:10     | Killed Nyhoofon's ghost
  9818 | D:10     | Reached skill level 14 in Axes
 10062 | D:11     | Noticed a two-headed ogre
 10074 | D:11     | Killed a two-headed ogre
 10170 | D:11     | Noticed a two-headed ogre
 10181 | D:11     | Killed a two-headed ogre
 10386 | D:11     | Found a staircase to the Lair.
 10638 | D:11     | Reached skill level 10 in Armour
 10647 | D:11     | Killed an unseen horror
 10856 | D:11     | Found a sacrificial altar of Ru.
 10977 | D:11     | Got a heavily jewelled robe
 10988 | D:11     | Identified the cursed +1 robe of Forking Paths {Stlth+}
                  | (You found it on level 11 of the Dungeon)
 11381 | D:12     | Noticed a deep elf mage
 11395 | D:12     | Killed a deep elf mage
 11395 | D:12     | Reached XP level 12. HP: 68/111 MP: 11/11
 11663 | D:12     | Found the ring of the Octopus King
 11673 | D:12     | Got a ring of the Octopus King
 11725 | D:12     | Reached ****** piety under Trog
 11935 | D:12     | Identified a ring of the Octopus King {AC+1 EV+1 Str+1
                  | Int+1 Dex+1 SInv} (You found it on level 12 of the Dungeon)
 12122 | D:13     | Noticed a seven-headed hydra
 12125 | D:13     | Noticed a centaur warrior
 12438 | D:13     | Noticed a seven-headed hydra
 12451 | D:13     | Killed a 15-headed hydra
 12451 | D:13     | Reached skill level 15 in Axes
 12700 | D:13     | Noticed a centaur warrior
 12724 | D:12     | Killed a centaur warrior
 13066 | D:13     | Killed a centaur warrior
 13335 | D:13     | Received a gift from Trog
 13616 | D:13     | Killed a 12-headed hydra
 14214 | D:13     | Got a warped scale mail
 14225 | D:13     | Identified the +6 scale mail of Midsummer {Int+4} (You
                  | found it on level 13 of the Dungeon)
 14360 | D:14     | Noticed a centaur warrior
 14370 | D:14     | Killed a centaur warrior
 14441 | D:14     | Reached XP level 13. HP: 122/122 MP: 12/12
 14450 | D:14     | Noticed a vampire knight
 14451 | D:14     | Found the +12 Vampire's Tooth {vamp}
 14451 | D:14     | Noticed a vampire knight
 14452 | D:14     | Paralysed by a vampire knight for 3 turns
 14468 | D:14     | Killed a vampire knight
 14478 | D:14     | Paralysed by a vampire knight for 2 turns
 14480 | D:14     | Slain by a tyrant leech

Illustrated notes

Levels and vault maps discovered:
D:1:      dpeg_arrival_round_b, layout_basic
D:2:      layout_loops_corners, uniq_robin, uniq_natasha
D:3:      layout_loops_ring, nicolae_qazlal_general_emergency
D:4:      layout_rooms, kennysheep_mini_moat, lemuel_doored_altar,
          minmay_temple_entry_arrows, first_ration, uniq_edmund
D:5:      layout_loops_ring, eat_drink_and_be_merry_uskayaw,
          nicolae_ossuary_entry_false_entrances
D:6:      layout_basic, serial_rivers, chequers_serial_rivers_micro_c,
          chequers_serial_rivers_room_a, chequers_serial_rivers_micro_c,
          chequers_serial_rivers_large_a, chequers_serial_rivers_small_3
D:7:      layout_basic, uniq_prince_ribbit1, uniq_maggie
D:8:      layout_basic, serial_shops, shop, enter_bailey_3
D:9:      layout_irregular_city, lemuel_round_altar, old_standard_altar,
          the_bakery, uniq_erolcha
D:10:     layout_small_grid, orc_0_dummy, ebering_ghost_funeral_grove,
          hangedman_decor_push, kennysheep_generic_room_11, uniq_harold
D:11:     layout_stronghold, lair_entry_dummy, nicolae_ru_awakened_eye
D:12:     layout_cave_pools
D:13:     layout_cave_pools, grunt_ministairs_3, drop_trap, chequers_big_river,
          chequers_serial_rivers_room_a
D:14:     layout_irregular_city, grunt_vaults_entry_tiered,
          nicolae_two_hexagons, minmay_guarded_unrand_vampires_tooth

Skill      XL: |  1  2  3  4  5  6  7  8  9 10 11 12 |
---------------+-------------------------------------+-----
Axes           | 4 5 6 7 8 10 11 13 14 15 | 15.7
Fighting       | 4 5 6 7 8 10 11 13 | 13.4
Armour         | 3 4 5 6 8 9 10 13 | 13.1
Dodging        | 3 4 6 7 8 9 |  9.4

Action                   |  1- 3 |  4- 6 |  7- 9 | 10-12 | 13-15 || total
-------------------------+-------+-------+-------+-------+-------++-------
Melee: Hand axe          |    54 |   153 |   370 |   542 |    25 ||  1144
       Headbutt          |     8 |    18 |    91 |   141 |    12 ||   270
Invok: Berserk           |       |     4 |     5 |    13 |     1 ||    23
       Trog's Hand       |       |       |     1 |       |       ||     1
       Brothers in Arms  |       |       |       |     3 |       ||     3
  Use: Scroll            |       |       |       |    15 |       ||    15
 Stab: Distracted        |       |       |     2 |       |       ||     2
  Eat: Chunk             |     2 |     6 |    11 |    28 |       ||    47
       Ration            |       |     1 |     2 |     2 |       ||     5
Armor: Animal skin       |     5 |       |       |       |       ||     5
       Ring mail         |     7 |    43 |    95 |    75 |       ||   220
       Chain mail        |       |       |       |   160 |       ||   160
       Scale mail        |       |       |       |    12 |     8 ||    20
Dodge: Dodged            |    37 |    88 |   168 |   343 |     8 ||   644
